 Dungeon Crawl Stone Soup version 0.18-a0-1542-g9c1a92e (webtiles) character file.

55 Etesian the Conjurer (level 3, -3/19 HPs)
             Began as a Deep Elf Conjurer on Mar 10, 2016.
             Slain by Sigmund
             ... wielding a +0 scythe
              (15 damage)
             ... on level 2 of the Dungeon.
             The game lasted 00:06:09 (1320 turns).

Etesian the Conjurer (Deep Elf Conjurer)            Turns: 1320, Time: 00:06:09

Health: -3/19      AC:  2    Str:  5    XL:     3   Next: 67%
Magic:  5/10       EV: 13    Int: 20    God:
Gold:   54         SH:  0    Dex: 15    Spells: 2 memorised, 6 levels left

rFire  + . .     SeeInvis .     i - +0 spear
rCold  x . .     Gourm    .     a - +0 robe
rNeg   . . .     Faith    .     (no shield)
rPois  .         Spirit   .     (no helmet)
rElec  .         Dismiss  .     (no cloak)
rCorr  .         Reflect  .     (no gloves)
SustAt .         Harm     .     (no boots)
MR     .....                    (no amulet)
Stlth  ++........               (no ring)
                                d - ring of fire

@: not resistant to hostile enchantments, unstealthy
A: no striking features
a: no special abilities


You were on level 2 of the Dungeon.
You were not hungry.

You visited 1 branch of the dungeon, and saw 2 of its levels.

You collected 54 gold pieces.

Inventory:

Hand Weapons
 i - a +0 spear (weapon)
Armour
 a - a +0 robe (worn)
Jewellery
 d - a ring of fire (left hand)
Scrolls
 f - a scroll of blinking {unknown}
Potions
 e - a potion of agility
 g - a potion of mutation {unknown}
 j - a potion of flight
 k - a potion of magic {unknown}
Books
 b - a book of Conjurations

   Spells                             Type                      Level
   a - Magic Dart                     Conjuration                  1
   b - Searing Ray                    Conjuration                  2
   c - Dazzling Spray                 Conjuration/Hexes            3
   d - Fulminant Prism                Conjuration/Hexes            4
   e - Iskenderun's Mystic Blast      Conjuration                  4
   f - Iskenderun's Battlesphere      Conjuration/Charms           5
Comestibles
 c - a bread ration
 h - a slice of pizza
 l - a beef jerky
 m - 9 chunks of flesh


   Skills:
 + Level 2.8 Dodging
 - Level 2.4 Stealth
 + Level 3.6 Spellcasting
 * Level 5.4 Conjurations


You had 6 spell levels left.
You knew the following spells:

 Your Spells              Type           Power        Failure   Level  Hunger
a - Magic Dart            Conj           ####         1%          1    None
b - Searing Ray           Conj           ####..       2%          2    ##.....


Dungeon Overview and Level Annotations

Branches:
Dungeon (2/15)

Altars:
Ashenzari
Cheibriados

Annotations:
D:2 Robin, Sigmund


Message History

The searing ray hits Sigmund.
Sigmund is lightly wounded.
The kobold hits you.
The searing ray misses the kobold.
The searing ray hits the giant gecko.
You kill the giant gecko!
The kobold hits you.
The searing ray hits the kobold.
You kill the kobold!
Sigmund says, "You will soon forget everything."
Sigmund casts a spell.
Sigmund flickers and vanishes!
Deactivating autopickup; reactivate with Ctrl-A.
The searing ray hits the ooze.
You kill the ooze!
Casting: Searing Ray
Confirm with . or Enter, or press ? or * to list all spells.
You can't see any susceptible monsters within range! (Use Z to cast anyway.)
Something hits you!
Ouch! That really hurt!
You die...

#...# #..#.#..##..#
#..#### #...#
#..#<#......# #......
#####
#..###...##.####.#####
#.........#..)...#
#.#####.#.#......#
#.......#.#......#
#########.#......#
#######.#.#....#
#.†@....#.#....#
#.#######.#....# ...
.......# ..... ......#
....l.. .......
.....## .....


There were no monsters in sight!

Vanquished Creatures
  An adder (D:2)
  An ooze (D:2)
  2 dart slugs (D:1)
  2 giant geckos
  A giant cockroach (D:2)
  4 goblins
  4 hobgoblins
  3 jackals (D:2)
  7 kobolds
  3 bats (D:1)
  A giant newt (D:2)
  5 rats
34 creatures vanquished.

Notes
Turn   | Place    | Note
--------------------------------------------------------------
     0 | D:1      | Etesian the Deep Elf Conjurer began the quest for the Orb.
     0 | D:1      | Reached XP level 1. HP: 10/10 MP: 6/6
   188 | D:1      | Reached XP level 2. HP: 10/15 MP: 4/8
   325 | D:1      | Learned a level 2 spell: Searing Ray
   327 | D:1      | Found a shattered altar of Ashenzari.
   329 | D:1      | Reached skill level 5 in Conjurations
  1036 | D:2      | Reached XP level 3. HP: 19/19 MP: 5/9
  1109 | D:2      | Found a snail-covered altar of Cheibriados.
  1278 | D:2      | Noticed Robin
  1312 | D:2      | Noticed Sigmund
  1320 | D:2      | Slain by Sigmund

Vault maps used:
D:1:      tarquinn_simple_flora_water_f, evilmike_ruin_ashenzari
D:2:      grunt_temple_overflow_diamond, lemuel_tele_altar, uniq_robin,
          uniq_sigmund

Skill      XL: |  1  2 |
---------------+-------+-----
Conjurations   | 5 |  5.4
Dodging        | |  2.8
Stealth        | |  2.4
Spellcasting   | |  3.6

Action                   || total
-------------------------++-------
Melee: Unarmed           ||     2
       Spear             ||     5
 Cast: Magic Dart        ||    40
       Searing Ray       ||     5
  Use: Scroll            ||     5
 Stab: Sleeping          ||     2
  Eat: Chunk             ||     1
